 Dungeon Crawl Stone Soup version 0.25-a0-246-g58704a1ebd (webtiles) character file.

Game seed: 769970634962809649, levelgen mode: deterministic

6776 DavidChitty2 the Basher (level 11, -7/68 HPs)
             Began as a Gargoyle Fighter on Dec 3, 2019.
             Was a High Priest of Okawaru.
             Killed by divine providence
             ... invoked by an orc priest
             ... summoned by a boggart
              (11 damage)
             ... on level 10 of the Dungeon.
             The game lasted 00:16:19 (8402 turns).

DavidChitty2 the Basher (Gargoyle Fighter)          Turns: 8402, Time: 00:16:20

Health: -7/68      AC: 28    Str: 30    XL:     11   Next: 4%
Magic:  0/15       EV:  6    Int:  9    God:    Okawaru [*****.]
Gold:   421        SH: 12    Dex:  9    Spells: 10/10 levels left

rFire    + . .     SeeInvis .   w - +6 mace of the Warrior {crush, Str+2}
rCold    . . .     Gourm    .   c - +0 shield
rNeg     + . .     Faith    .   f - +0 plate armour
rPois    ∞         Spirit   +   (no helmet)
rElec    +         Reflect  .   (no cloak)
rCorr    .         Harm     .   v - +0 pair of gloves
MR       .....                  t - +1 pair of boots
Stlth    ..........             n - amulet of guardian spirit
HPRegen  0.21/turn              i - ring of protection from fire
MPRegen  0.14/turn              x - +3 ring of protection

@: mighty, hasted, very quick
A: negative energy resistance 1, electricity resistance, unbreathing,
petrification resistance, rot immunity, AC +8
a: Heroism, Finesse, Renounce Religion


You were on level 10 of the Dungeon.
You worshipped Okawaru.
Okawaru was extremely pleased with you.
You were hungry.

You visited 1 branch of the dungeon, and saw 10 of its levels.

You collected 479 gold pieces.
You spent 58 gold pieces at shops.

Inventory:

Hand Weapons
 a - a +2 morningstar of freezing
   (You took it off a wight on level 5 of the Dungeon)
 b - a +0 whip of venom
   (You took it off a kobold on level 4 of the Dungeon)
 r - a +0 flail of draining
   (You found it on level 4 of the Dungeon)
 w - the +6 mace of the Warrior (weapon) {crush, Str+2}
   (You found it on level 7 of the Dungeon)

   It inflicts extra damage upon your enemies.
   It affects your strength (+2).
Missiles
 g - 4 throwing nets (quivered) {!f}
Armour
 c - a +0 shield (worn)
 f - a +0 plate armour (worn)
   (You found it on level 1 of the Dungeon)
 t - a +1 pair of boots (worn)
   (You bought it in a shop on level 7 of the Dungeon)
 v - a +0 pair of gloves (worn)
   (You found it on level 6 of the Dungeon)
Jewellery
 i - a ring of protection from fire (left hand)
   (You found it on level 3 of the Dungeon)
 n - an amulet of guardian spirit (around neck)
   (You found it on level 3 of the Dungeon)
 p - an uncursed ring of positive energy
   (You found it on level 3 of the Dungeon)
 x - a +3 ring of protection (right hand)
   (You found it on level 8 of the Dungeon)
 D - an uncursed amulet of magic regeneration {unknown}
   (You found it on level 10 of the Dungeon)
Scrolls
 h - 3 scrolls of fear
 o - 5 scrolls of remove curse {@r2}
 y - 4 scrolls of identify {@r1}
 A - a scroll of teleportation {@r4}
 C - a scroll of brand weapon {unknown}
 E - a scroll of magic mapping {unknown}
 G - a scroll of acquirement {unknown}
Potions
 d - a potion of might
 j - 3 potions of brilliance
 l - 3 potions of curing {@q1}
 m - 2 potions of lignification {!q}
 q - a potion of flight
 B - a potion of mutation {!q}
 F - a potion of berserk rage {unknown}
Miscellaneous
 k - a lamp of fire (inert)
   (You found it on level 4 of the Dungeon)
Comestibles
 e - 9 rations {!d}
 z - 9 chunks of flesh


   Skills:
 + Level 8.3 Fighting
 * Level 10.0 Maces & Flails
 + Level 8.2 Armour
 + Level 8.2 Shields
 + Level 6.5 Invocations


You had 10 spell levels left.
You didn't know any spells.
Your spell library was empty.

Dungeon Overview and Level Annotations

Branches:
Dungeon (9/15)             Temple (0/1) D:7            Lair (0/6) D:10
    Orc: D:9-12

Altars:
Ashenzari
Cheibriados
Dithmenos
Elyvilon
Gozag
Kikubaaqudgha
Makhleb
Nemelex Xobeh
Okawaru
Qazlal
Trog
Uskayaw
Vehumet
Wu Jian
Yredelemnul

Shops:
D:4 *   D:5 (   D:7 !:[   D:9 (   D:10 ?:?*


Innate Abilities, Weirdness & Mutations

You are resistant to torment.
Your stone body is resilient. (AC +8)
You are immune to poison.
You resist negative energy. (rN+)
You are resistant to electric shocks. (rElec)
You can survive without breathing.
You are immune to petrification.
You are immune to rotting.


Message History

You feel better. Something hits you but does no damage.
The orc priest mumbles some strange prayers to Beogh against you.
Pain shoots through your body!
* * * LOW HITPOINT WARNING * * *
You feel better.
The orc warrior hits you but does no damage.
You block the orc warrior's attack. Something hits you but does no damage.
You block the orc priest's attack.
You feel yourself speed up. You block the orc warrior's attack.
You hear some strange, mumbled words.
The orc priest looks braver for a moment.
The orc warrior hits you from afar with a +0 vampiric glaive.
* * * LOW HITPOINT WARNING * * *
You feel very mighty all of a sudden.
The orc priest hits you but does no damage.
The orc warrior hits you but does no damage.
You sock the orc priest!
You kill the orc priest!
The orc priest's corpse dissolves into shadows!
The orc warrior hits you but does no damage.
You thump the orc warrior! You hit the orc warrior.
You block the orc warrior's attack.
The orc warrior hits you with a +2 hand axe of flaming.
* * * LOW HITPOINT WARNING * * *
You sock the orc warrior!
You kill the orc warrior!
The orc warrior's corpse dissolves into shadows!
You hear some strange, mumbled words.
The orc wizard casts a spell at you.
You easily resist.
Your shield and plate armour prevent you from hitting the orc wizard.
You block the orc warrior's attack.
The orc priest invokes the aid of Beogh against you.
Beogh smites you!
* * * LOW HITPOINT WARNING * * *
You closely miss the orc wizard. The orc wizard casts a spell at you.
The magic dart hits you but does no damage.
You bludgeon the orc wizard!!
You kill the orc wizard!
Okawaru accepts your kill.
The orc priest looks braver for a moment.
The orc warrior hits you but does no damage.
The orc hits you but does no damage.
You hear some strange, mumbled words.
The orc priest mumbles some strange prayers to Beogh against you.
Beogh smites you!
You die...

#..#.#.#.#.#.#.#...#
#....##.#.#.##.....#
#.###..#.#.#..###..#
#.#[..#.#.#.#..[#..#
#.###..#(#.#..###..#
#....##.#.#.##.....#
#..#.#[#.#.#.#.#...+
#.o..###Z..###.. ..#
#.###@o§#.#...### #
#.###o#.#.#.#.#
#..##Z..###...#
##..)..........
#####.....#...
#.........
#.........
#..........
#..........


You could see an orc warrior, an orc priest, an orc, an adder zombie and a
bullfrog skeleton.

Vanquished Creatures
  Harold (D:8)
  Pikel (D:6)
  4 trolls
  Grum (D:8)
  3 ice beasts
  A sky beast (D:8)
  3 phantoms
  A slave (D:6)
  A necrophage (D:8)
  6 wolves
  A black bear (D:9)
  6 ogres
  3 boggarts (D:10)
  7 centaurs
  A crocodile (D:8)
  A big kobold (D:4)
  Blork the orc (D:4)
  2 bullfrogs
  A wyvern zombie (D:6)
  A scorpion (D:5)
  9 wights
  3 electric eels (D:10)
  A vampire bat (D:5)
  A howler monkey (D:5)
  A bullfrog zombie (D:5)
  3 crimson imps
  A centaur zombie (D:10)
  3 quasits
  A jelly (D:6)
  5 hounds
  2 bullfrog skeletons
  5 orc wizards
  A centaur skeleton (D:10)
  An iguana (D:10)
  5 worker ants
  Terence (D:3)
  A killer bee zombie (D:5)
  A hound zombie (D:6)
  13 adders
  A shadow imp (D:7)
  An ooze (D:5)
  An adder zombie (D:7)
  2 worms
  3 dart slugs
  6 leopard geckos
  11 orcs
  8 bats
  2 bat skeletons (D:5)
  3 bat zombies (D:5)
  4 giant cockroaches
  4 goblins
  10 hobgoblins
  6 jackals
  7 quokkas
  A ball python (D:2)
  A ball python skeleton (D:5)
  3 frilled lizards
  2 jackal skeletons
  31 kobolds
  2 leopard gecko skeletons (D:4)
  8 rats
221 creatures vanquished.

Vanquished Creatures (others)
  3 slaves (D:6)
  An ogre (D:6)
  A worker ant (D:6)
  A hound skeleton (D:6)
6 creatures vanquished.

Grand Total: 227 creatures vanquished

Notes
Turn   | Place    | Note
-------+----------+-------------------------------------------
     0 | D:1      | DavidChitty2 the Gargoyle Fighter began the quest for the
                  | Orb.
     0 | D:1      | Reached XP level 1. HP: 14/14 MP: 1/1
   156 | D:1      | Reached XP level 2. HP: 12/19 MP: 2/2
   571 | D:1      | Reached XP level 3. HP: 23/23 MP: 3/3
  1246 | D:2      | Found an ornate altar of the Wu Jian Council.
  1469 | D:2      | Reached skill level 3 in Maces & Flails
  1488 | D:2      | Reached XP level 4. HP: 29/29 MP: 4/4
  1974 | D:3      | Found a shadowy altar of Dithmenos.
  2122 | D:3      | Noticed Terence
  2132 | D:3      | Killed Terence
  2144 | D:3      | Reached XP level 5. HP: 33/33 MP: 5/5
  2263 | D:3      | Found a stormy altar of Qazlal.
  2999 | D:4      | Reached skill level 4 in Maces & Flails
  3002 | D:4      | Noticed a big kobold
  3022 | D:4      | Killed a big kobold
  3022 | D:4      | Reached XP level 6. HP: 36/39 MP: 6/6
  3359 | D:4      | Found an iron altar of Okawaru.
  3370 | D:4      | Became a worshipper of Warmaster Okawaru
  3528 | D:4      | Reached XP level 7. HP: 35/44 MP: 7/7
  3535 | D:4      | Reached skill level 5 in Maces & Flails
  3541 | D:4      | Reached skill level 5 in Armour
  3541 | D:4      | Reached skill level 1 in Invocations
  3832 | D:4      | Found Zidwisez's Assorted Antiques.
  3874 | D:4      | Reached skill level 5 in Fighting
  3874 | D:4      | Reached skill level 5 in Shields
  4026 | D:4      | Noticed Blork the orc
  4055 | D:4      | Killed Blork the orc
  4415 | D:5      | Entered Level 5 of the Dungeon
  4428 | D:5      | Found a basalt altar of Yredelemnul.
  4444 | D:5      | Found Doxt's Antique Weapon Emporium.
  4494 | D:5      | Reached * piety under Okawaru
  4583 | D:5      | Found an ancient bone altar of Kikubaaqudgha.
  4589 | D:5      | Reached XP level 8. HP: 49/49 MP: 9/9
  4822 | D:5      | Reached skill level 6 in Maces & Flails
  5471 | D:6      | Noticed Pikel
  5501 | D:6      | Killed Pikel
  5501 | D:6      | Reached ** piety under Okawaru
  5501 | D:6      | Reached skill level 7 in Maces & Flails
  5501 | D:6      | Reached XP level 9. HP: 29/55 MP: 7/11
  5879 | D:6      | Reached *** piety under Okawaru
  6288 | D:7      | Found Nucsu's Armour Shop.
  6292 | D:7      | Bought a +0 pair of boots for 58 gold pieces
  6347 | D:7      | Found a staircase to the Ecumenical Temple.
  6474 | D:7      | Found Qaonn's Jewellery Shoppe.
  6479 | D:7      | Got a warped mace
  6482 | D:7      | Identified the +6 mace of the Warrior {crush, Str+2} (You
                  | found it on level 7 of the Dungeon)
  6506 | D:7      | Reached skill level 8 in Maces & Flails
  6532 | D:7      | Found Aguckygor's Distillery.
  6548 | D:7      | Found a hide-covered altar of Uskayaw.
  6599 | D:7      | Found Letohat's Book Shop.
  6629 | D:7      | Found a burning altar of Makhleb.
  6884 | D:8      | Noticed Grum
  6898 | D:8      | Noticed a troll
  6910 | D:8      | Reached XP level 10. HP: 57/63 MP: 11/13
  6912 | D:8      | Reached **** piety under Okawaru
  6912 | D:8      | Reached skill level 5 in Invocations
  6918 | D:8      | Killed Grum
  7011 | D:8      | Found a snail-covered altar of Cheibriados.
  7066 | D:8      | Noticed Harold
  7091 | D:8      | Killed Harold
  7091 | D:8      | Reached skill level 9 in Maces & Flails
  7183 | D:8      | Found a bloodstained altar of Trog.
  7216 | D:8      | Found a shattered altar of Ashenzari.
  7229 | D:8      | Found a radiant altar of Vehumet.
  7522 | D:9      | Reached ***** piety under Okawaru
  7556 | D:9      | Found a sparkling altar of Nemelex Xobeh.
  7629 | D:9      | Found a hide-covered altar of Uskayaw.
  7631 | D:9      | Found an opulent altar of Gozag.
  7631 | D:9      | Found a white marble altar of Elyvilon.
  7725 | D:9      | Found Larob's Antique Weapon Emporium.
  7732 | D:9      | You fall into a shaft and drop 1 floor!
  7732 | D:10     | Entered Level 10 of the Dungeon
  8009 | D:10     | Found a staircase to the Lair.
  8143 | D:10     | Found Ruwu's General Store.
  8147 | D:10     | Found Fik Biag's Magic Scroll Emporium.
  8154 | D:10     | Found Noisim's Magic Scroll Emporium.
  8154 | D:10     | Found Murihoug's Book Emporium.
  8194 | D:10     | Reached XP level 11. HP: 57/68 MP: 11/15
  8359 | D:10     | Reached skill level 10 in Maces & Flails
  8382 | D:10     | HP: 1/68 [orc warrior/+2 hand axe of flaming[a boggart]
                  | (4)]
  8399 | D:10     | HP: 3/68 [orc priest/divine providence[a boggart] (10)]
  8402 | D:10     | Killed from afar by an orc priest

Levels and vault maps discovered:
D:1:      dpeg_arrival_shrine, layout_loops_ring, columned_hall_lemuel
D:2:      minmay_chambers_of_ones, layout_rooms, lemuel_doored_altar
D:3:      layout_loops_ring, lemuel_round_altar, old_standard_altar,
          first_ration, uniq_terence
D:4:      kennysheep_kobold_camp, layout_basic, okawaru_metal_pillars_1_2,
          serial_shops, shop, minmay_manual_mares, uniq_blork_the_orc
D:5:      layout_basic, kennysheep_vampire_church, yredelemnul_altar_generic,
          serial_shops, shop, minivault_25
D:6:      layout_rooms, uniq_pikel
D:7:      layout_basic, kennysheep_mini, temple_hall, serial_shops, shop,
          nicolae_shop_temple_entry_statues_fountains, shop, shop_statue,
          basic_altar, minivault_23
D:8:      layout_cave_pools, lemuel_coloured_pillars_altar,
          nicolae_overflow_hidden_temple, nicolae_overflow_crystal_walls,
          basic_altar, uniq_grum, uniq_harold
D:9:      layout_roguey, grunt_temple_overflow_open, serial_shops,
          nicolae_shop_overgrown_old_shop, nemelex_altar_shiori
D:10:     layout_irregular_city, erik_lair_island, erik_orc_4, the_bakery,
          grunt_ministairs_11, minmay_shop_grid_forest, minmay_starry_boxes,
          uniq_urug

Skill      XL: |  1  2  3  4  5  6  7  8  9 10 11 |
---------------+----------------------------------+-----
Maces & Flails | 3 4 5 7 8 9 10 | 10.0
Fighting       | 4 5 6 7 8 |  8.3
Armour         | 4 5 6 7 8 |  8.2
Shields        | 4 5 6 7 8 |  8.2
Invocations    | 1 3 4 6 |  6.5

Action                   |  1- 3 |  4- 6 |  7- 9 | 10-12 || total
-------------------------+-------+-------+-------+-------++-------
Melee: Flail             |   162 |   378 |    62 |       ||   602
       Morningstar       |       |       |   184 |       ||   184
       Mace              |       |       |    55 |   289 ||   344
Invok: Heroism           |       |       |     2 |     1 ||     3
       Finesse           |       |       |       |     1 ||     1
Evoke: Lamp of fire      |       |       |       |     1 ||     1
  Use: Scroll            |       |     7 |    13 |     2 ||    22
       Potion            |       |       |       |     6 ||     6
  Eat: Chunk             |     2 |     4 |    11 |     5 ||    22
       Ration            |       |     1 |       |       ||     1
Armor: Plate armour      |   135 |   368 |   316 |   200 ||  1019
Dodge: Dodged            |    18 |    79 |    85 |    53 ||   235
Block: Shield            |    89 |   257 |   231 |   171 ||   748

Table legend:
 A = Non-vault XP
 B = Vault XP
 C = Vault XP percentage of total XP
 D = Non-vault monster count
 E = Vault monster count
 F = Vault count percentage of total count
                 A         B        C        D         E       F
            +---------+---------+-------+---------+---------+-------
      Total |    5733 |    3947 |  40.8 |     164 |      56 |  25.5
            +---------+---------+-------+---------+---------+-------
        D:1 |      48 |       0 |   0.0 |      26 |       0 |   0.0
        D:2 |      46 |      21 |  31.3 |      19 |       5 |  20.8
        D:3 |     100 |      32 |  24.2 |      20 |       1 |   4.8
        D:4 |     326 |     458 |  58.4 |      19 |      24 |  55.8
        D:5 |     888 |      65 |   6.8 |      20 |       6 |  23.1
        D:6 |     660 |     617 |  48.3 |      14 |       1 |   6.7
        D:7 |     661 |       0 |   0.0 |      10 |       0 |   0.0
        D:8 |    1235 |    1664 |  57.4 |      14 |       6 |  30.0
        D:9 |     752 |       0 |   0.0 |      11 |       0 |   0.0
       D:10 |    1017 |    1090 |  51.7 |      11 |      13 |  54.2
            +---------+---------+-------+---------+---------+-------
